AoeStats
← bullseyes

African Clearing

506112884Analyzed
4v4 RM · 20d ago on Sep 12, 2026· 41m 2s· 8 players
Game mode
Random Map
Map size
Large (8 player)
Population
200
Speed
Normal
Resources
Standard
Victory
Conquest
Starting age
Dark Age
Ending age
Imperial Age
RankedLock teamsTeams togetherTeam positionsShared explorationLock speedFull tech treeHidden civsTurbo modeCheats
Victory
Defeat
🇹🇼 Khitans · Taiwan
1557
+16
🇨🇭 Shu · Switzerland
1550
+16
🇧🇪 Jurchens · Belgium
1549
+16
🇨🇳 Slavs · China
1511
+17
🇳🇱 Mongols · Netherlands
1575
-17
🇳🇱 Berbers · Netherlands
1553
-17
🇳🇱 Hindustanis · Netherlands
1538
-16
1516
-15
[C4LL] BlackBull ~The Tortoise
10:36 Loom
12:32 Feudal Age
11:47 Loom
13:01 Double-Bit Axe
13:12 Town Watch
15:36 Bloodlines
17:20 Scale Barding Armor
17:58 Forging
21:34 Horse Collar
24:22 Wheelbarrow
28:22 Castle Age
28:25 Light Cavalry
29:26 Chain Barding Armor
29:10 Husbandry
29:23 Bow Saw
29:55 Chain Barding Armor
36:01 Iron Casting
36:51 Heavy Plow
37:42 Gold Mining
43:30 Imperial Age
41:16 Hand Cart
[C4LL] Boevjee a.k.a. Borlor
12:26 Feudal Age
10:44 Loom
12:29 Feudal Age
13:20 Double-Bit Axe
21:04 Castle Age
20:04 Fletching
22:00 Gold Mining
22:37 Bodkin Arrow
22:08 Crossbowman
23:03 Horse Collar
25:56 Bow Saw
28:13 Wheelbarrow
29:29 Town Watch
35:46 Imperial Age
33:29 Heavy Plow
37:27 Cavalier
38:18 Bloodlines
37:35 Light Cavalry
38:26 Bloodlines
38:16 Husbandry
38:30 Scale Barding Armor
38:36 Forging
38:36 Arquebus
40:00 Conscription
Reported offensive name
10:19 Feudal Age
8:57 Loom
11:28 Double-Bit Axe
19:59 Castle Age
18:34 Fletching
18:44 Gold Mining
19:30 Padded Archer Armor
19:45 Bloodlines
20:40 Bodkin Arrow
33:12 Padded Archer Armor
35:12 Ballistics
[C4LL] Djed
9:30 Loom
11:44 Feudal Age
28:22 Castle Age
28:04 Bloodlines
27:52 Town Watch
28:42 Wheelbarrow
28:01 Double-Bit Axe
27:57 Horse Collar
31:05 Bow Saw
31:41 Fletching
38:06 Heavy Plow
37:57 Gold Mining
Zaphod
6:47 Loom
11:59 Feudal Age
12:33 Double-Bit Axe
15:28 Fletching
18:08 Padded Archer Armor
18:15 Gold Mining
19:57 Horse Collar
23:08 Castle Age
23:11 Crossbowman
23:47 Bodkin Arrow
24:48 Bow Saw
31:17 Ballistics
33:16 Leather Archer Armor
35:15 Thumb Ring
38:18 Wheelbarrow
39:07 Stone Mining
40:39 Town Watch
41:46 Gold Shaft Mining
枕上鸳鸯睡红莲
10:00 Loom
12:11 Feudal Age
13:07 Double-Bit Axe
14:31 Horse Collar
19:02 Forging
20:31 Wheelbarrow
21:42 Scale Barding Armor
26:02 Castle Age
23:55 Gold Mining
26:48 Bloodlines
26:47 Husbandry
26:34 Light Cavalry
28:10 Bow Saw
28:53 Chain Barding Armor
33:46 Iron Casting
35:56 Hand Cart
37:41 Heavy Plow
42:23 Imperial Age
39:18 Man-at-Arms
40:03 Stone Mining
40:49 Gold Shaft Mining
40:50 Detinets
bullseyes
6:00 Loom
13:18 Feudal Age
14:50 Double-Bit Axe
17:12 Castle Age
15:47 Horse Collar
15:54 Horse Collar
18:17 Bow Saw
19:17 Wheelbarrow
22:13 Town Watch
23:37 Fletching
25:16 Hand Cart
26:43 Bodkin Arrow
26:49 Padded Archer Armor
28:12 Ballistics
28:27 Gold Mining
28:30 Stone Mining
30:35 Gold Shaft Mining
30:36 Stone Shaft Mining
30:06 Heavy Plow
30:54 Treadmill Crane
31:25 Masonry
31:20 Siege Engineers
34:01 Imperial Age
33:26 Fortified Bastions
33:50 Scale Barding Armor
33:56 Forging
35:03 Chain Barding Armor
35:34 Conscription
37:04 Plate Barding Armor
39:03 Husbandry
39:13 Bloodlines
39:09 Elite Iron Pagoda
yclin124
13:07 Feudal Age
12:57 Loom
14:06 Double-Bit Axe
16:42 Scale Barding Armor
16:51 Forging
18:13 Man-at-Arms
28:42 Wheelbarrow
33:37 Castle Age
37:53 Husbandry
39:04 Town Watch
Connection lost

Rejoining the realm…

Still unreachable

The connection could not be restored.

Session expired

The server has moved on; the page needs a fresh start.